 Dungeon Sprint DCSS version 0.30.1-11-g7821555f0a (webtiles) character file.

Game seed: 13838394399982310520

5 Heoruswealwe the Covered (level 1, -7/20 HPs)
             Began as a Minotaur Fighter on Dec 15, 2023.
             Mangled by an ogre
             ... wielding a +0 giant club
              (27 damage)
             ... in the Dungeon (Sprint IX: "|||||||||||||||||||||||||||||").
             The game lasted 00:00:17 (21 turns).

Heoruswealwe the Covered (Minotaur Fighter)           Turns: 21, Time: 00:00:18

Health: -7/20      AC:  7    Str: 20    XL:     1   Next: 66%
Magic:  0/0        EV:  9    Int:  5    God:
Gold:   0          SH:  4    Dex:  9    Spells: 0/0 levels left

rFire   . . .        a - +0 trident
rCold   . . .        d - +0 buckler
rNeg    . . .        c - +0 scale mail
rPois   .            (helmet restricted)
rElec   .            (no cloak)
rCorr   .            (no gloves)
SInv    .            (no boots)
Will    .....        (no amulet) Stlth
                     (no ring)
HPRegen 0.23/turn    (no ring)
MPRegen 0.07/turn

%: no teleportation
@: no status effects
A: horns 2, retaliatory headbutt
a: no special abilities


You were in the Dungeon.
You visited 1 branch

Inventory:

Hand Weapons
 a - a +0 trident (weapon)
Armour
 c - a +0 scale mail (worn)
 d - a +0 buckler (worn)
Scrolls
 j - a scroll of blinking
Potions
 b - a potion of might
 e - a potion of curing
 f - a potion of heal wounds
 g - a potion of haste
 i - a potion of berserk rage


   Skills:
 + Level 4.2 Fighting
 * Level 3.8 Polearms
 + Level 4.2 Armour
 - Level 3.6 Shields


You couldn't memorise any spells.
You didn't know any spells.
Your spell library was empty.

Dungeon Overview and Level Annotations

Branches:
Dungeon (1/1)

Altars:


Innate Abilities, Weirdness & Mutations

You have a pair of horns on your head.
You reflexively headbutt those who attack you in melee.


Message History

The goblin shouts!
The endoplasm quivers.
You closely miss the rat. You block the rat's attack.
You barely miss the rat. The rat closely misses you.
You hit the rat.
You kill the rat!
You hit the endoplasm.
The endoplasm is heavily wounded.
You block the endoplasm's attack.
You puncture the endoplasm!
You kill the endoplasm!
The goblin closely misses you.
Your Polearms skill increases to level 3!
You barely miss the goblin. You headbutt the goblin.
You kill the goblin!
The bat hits you but does no damage. The bat barely misses you.
Your Fighting skill increases to level 4!
Your Armour skill increases to level 4!
You hit the bat.
You kill the bat!
The rat twitches its whiskers.
You hit the rat but do no damage. The rat closely misses you.
You furiously retaliate!
You headbutt the rat.
You kill the rat!
There is an open door to the Dungeon here.
Things that are here:
a +2 dagger of venom; a bat corpse; a rat corpse You open the door.
An adder, 3 hounds and an ogre come into view.
The hound barks!
The adder hisses angrily.
The hound barks! x2
The ogre shouts!
You hit the ogre.
You headbutt the ogre, but do no damage.
The ogre is lightly wounded.
The ogre closely misses you. You furiously retaliate!
You headbutt the ogre. You hit the ogre but do no damage.
Your headbutt misses the ogre.
The ogre is moderately wounded.
The ogre hits you with a +0 giant club!!
Ouch! That really hurt!
You die... ▓▓▓▓▓▓▓▓▓▓▓▓▓▓▓▓▓▓ +.hShhO@....).!.<▓ ▓▓▓▓▓▓▓▓▓▓▓▓▓▓▓▓▓▓

You could see an ogre, 3 hounds and an adder.

Vanquished Creatures
  A bat (D)
  An endoplasm (D)
  A goblin (D)
  2 rats (D)
5 creatures vanquished.

Notes
Turn   | Place    | Note
-------+----------+-------------------------------------------
     0 | D        | Heoruswealwe the Minotaur Fighter began the quest for the
                  | Orb.
     0 | D        | Reached XP level 1. HP: 19/19 MP: 0/0
    19 | D        | Noticed a hound
    19 | D        | Noticed a hound
    19 | D        | Noticed a hound
    19 | D        | Noticed an ogre
    21 | D        | Mangled by an ogre

Illustrated notes

Levels and vault maps discovered:
D:        linesprint [early_d, line_temple, items_1, d_10, items_2, lair_1,
          lair_end, items_3, orc_1, orc_end, items_4, d_15, swamp_1, shoals_1,
          snake_1, spider_1, d_20, vaults_1, items_5, swamp_end, shoals_end,
          snake_end, spider_end, vaults_end, d_27, items_6, zot_1, zot_end,
          crypt_end, forest_end, elf_end, slime_end, tomb_end, abyss_end,
          pan_hell_end]

Skill      XL: |  1 |
---------------+----+-----
Polearms       | 3 |  3.8
Fighting       | 4 |  4.2
Armour         | 4 |  4.2
Shields        | |  3.6

Action                     || total
---------------------------++-------
  Melee: Trident           ||    10
         Headbutt          ||     2
 Armour: Scale mail        ||     1
  Dodge: Dodged            ||     5
  Block: Buckler           ||     2
